AoeStats
← giodi86

Arena

509920268Analyzed
3v3 RM · 2d ago on Sep 28, 2026· 56m 16s· 6 players
Game mode
Random Map
Map size
Normal (6 player)
Population
200
Speed
Normal
Resources
Standard
Victory
Conquest
Starting age
Dark Age
Ending age
Imperial Age
RankedLock teamsTeams togetherTeam positionsShared explorationLock speedFull tech treeHidden civsTurbo modeCheats
Victory
Defeat
🇫🇷 Britons · France
832
+10
🇩🇪 Saxons · Germany
625
+18
🇮🇹 Slavs · Italy
619
+20
🇺🇸 Varangians · United States
711
-17
🇵🇪 Spanish · Peru
681
-16
🇹🇷 Teutons · Türkiye
664
-15
A Delicious Pot Roast
12:20 Feudal Age
19:24 Castle Age
26:26 Arson
27:31 Forging
28:14 Wheelbarrow
29:14 Hand Cart
29:15 Scale Mail Armor
29:36 Double-Bit Axe
29:46 Gold Mining
32:40 Bow Saw
32:53 Chain Mail Armor
32:32 Horse Collar
34:15 Heavy Plow
35:25 Stone Mining
39:17 Imperial Age
37:25 Forging
41:16 Two-Man Saw
40:51 Plate Mail Armor
39:47 Elite Varangian Guard
41:32 Conscription
41:54 Scale Barding Armor
42:32 Iron Casting
43:38 Chain Barding Armor
44:28 Blast Furnace
44:10 Elite Jarl
47:13 Plate Barding Armor
BeoWulft
1:11 Loom
13:07 Feudal Age
14:06 Horse Collar
14:43 Double-Bit Axe
15:19 Man-at-Arms
15:57 Gold Mining
16:05 Arson
23:41 Castle Age
23:28 Forging
23:45 Pikeman
24:26 Squires
25:21 Long Swordsman
27:43 Scale Mail Armor
29:04 Bow Saw
28:56 Heavy Plow
33:25 Wheelbarrow
32:43 Stone Mining
34:38 Hand Cart
35:33 Husbandry
36:36 Scale Barding Armor
39:12 Imperial Age
39:34 Elite Conquistador
41:44 Chemistry
40:11 Cavalier
ASİL_TÜRK
3:08 Loom
15:36 Feudal Age
17:41 Stone Mining
17:34 Horse Collar
17:43 Double-Bit Axe
19:28 Gold Mining
21:43 Castle Age
20:19 Wheelbarrow
23:02 Stone Shaft Mining
25:03 Bow Saw
25:14 Fortified Wall
27:56 Heavy Plow
31:36 Arson
31:53 Squires
31:40 Gambesons
32:32 Ironclad
40:17 Bloodlines
42:37 Forging
42:29 Scale Mail Armor
42:35 Scale Barding Armor
timifisher
10:37 Feudal Age
11:28 Gold Mining
11:25 Double-Bit Axe
11:24 Horse Collar
19:04 Castle Age
17:12 Stone Mining
19:28 Loom
20:34 Heavy Plow
20:46 Bow Saw
27:07 Gold Shaft Mining
28:45 Crossbowman
33:49 Imperial Age
31:59 Fletching
32:10 Padded Archer Armor
32:51 Wheelbarrow
32:03 Town Watch
31:56 Elite Skirmisher
35:01 Yeomen
36:10 Chemistry
35:31 Ballistics
37:21 Arbalester
39:14 Hand Cart
40:39 Bodkin Arrow
40:59 Leather Archer Armor
42:37 Warwolf
46:44 Two-Man Saw
45:59 Fortified Wall
45:45 Murder Holes
47:11 Pikeman
47:52 Squires
49:07 Ring Archer Armor
48:38 Bracer
48:39 Scale Mail Armor
48:51 Forging
48:44 Halberdier
52:03 Conscription
51:04 Elite Longbowman
52:19 Hoardings
52:44 Chain Mail Armor
53:05 Iron Casting
52:35 Scale Barding Armor
53:01 Caravan
53:32 Coinage
53:13 Guilds
53:28 Heated Shot
53:19 Treadmill Crane
53:50 Masonry
53:45 Siege Engineers
53:51 Careening
53:27 Arrowslits
53:33 Guard Tower
53:16 Sappers
53:49 Town Patrol
56:24 Blast Furnace
55:55 Plate Mail Armor
55:47 Chain Barding Armor
56:02 Architecture
54:58 Heavy Mounted Crossbowman
54:58 Cranequins
SirCumaLot
0:30 Loom
10:52 Feudal Age
12:09 Wheelbarrow
11:20 Town Watch
12:16 Double-Bit Axe
13:06 Horse Collar
20:05 Castle Age
22:55 Stone Mining
25:25 Heavy Plow
25:19 Fletching
27:31 Murder Holes
29:02 Gambesons
29:18 Squires
29:35 Scale Mail Armor
29:46 Forging
29:21 Treadmill Crane
30:48 Hand Cart
31:26 Chain Mail Armor
31:30 Masonry
32:50 Bodkin Arrow
33:17 Ballistics
33:37 Iron Casting
36:57 Gold Mining
39:41 Imperial Age
37:03 Arson
40:59 Hoardings
40:48 Conscription
41:09 Town Patrol
41:41 Shield Wall
43:42 Caravan
43:53 Guilds
45:06 Chemistry
45:31 Plate Mail Armor
47:26 Crop Rotation
49:16 Bow Saw
49:09 Bracer
49:26 Elite Varangian Guard
51:46 Two-Man Saw
51:19 Architecture
51:59 Fortified Wall
55:23 Siege Engineers
giodi86
0:56 Loom
13:23 Feudal Age
14:54 Double-Bit Axe
14:52 Horse Collar
15:15 Town Watch
17:43 Wheelbarrow
18:05 Man-at-Arms
28:19 Castle Age
26:16 Fletching
27:23 Bloodlines
28:38 Forging
29:13 Scale Mail Armor
28:48 Long Swordsman
29:30 Gold Mining
32:01 Heavy Plow
32:18 Bow Saw
33:56 Hand Cart
35:14 Padded Archer Armor
36:14 Scale Barding Armor
36:04 Pikeman
36:07 Crossbowman
36:08 Elite Skirmisher
37:38 Caravan
40:10 Iron Casting
39:57 Murder Holes
40:13 Fortified Wall
40:25 Ballistics
40:16 Masonry
40:33 Stone Mining
40:24 Light Cavalry
41:08 Detinets
42:05 Bodkin Arrow
42:25 Husbandry
44:08 Squires
47:38 Imperial Age
45:33 Chain Barding Armor
49:39 Hoardings
49:25 Conscription
48:32 Elite Boyar
49:24 Capped Ram
49:25 Onager
54:35 Chain Mail Armor
54:36 Leather Archer Armor
55:29 Two-Man Saw
55:04 Crop Rotation
54:44 Siege Onager
56:43 Chemistry
55:49 Siege Engineers
55:55 Druzhina
Connection lost

Rejoining the realm…

Still unreachable

The connection could not be restored.

Session expired

The server has moved on; the page needs a fresh start.